 Dungeon Crawl Stone Soup version 0.31-a0-210-gccc998df9b (webtiles) character file.

Game seed: 3193033428834912788

109 qw the Chopper (level 4, 0/28 HPs)
             Began as a Gargoyle Fighter on June 29, 2023.
             Slain by an orc wizard
             ... wielding a +0 dagger
              (1 damage)
             ... on level 3 of the Dungeon.
             The game lasted 00:01:04 (2424 turns).

qw the Chopper (Gargoyle Fighter)                   Turns: 2424, Time: 00:01:04

Health: 0/28       AC: 10    Str: 22    XL:     4   Next: 89%
Magic:  4/4        EV:  9    Int:  8    God:
Gold:   158        SH:  4    Dex:  9    Spells: 3/3 levels left

rFire   . . .        Y - +0 war axe
rCold   . . .        c - +0 buckler
rNeg    + . .        b - +0 scale mail
rPois   inf          (no helmet)
rElec   +            (no cloak)
rCorr   .            (no gloves)
SInv    .            (no boots)
Will    .....        (no amulet) Stlth
                     (no ring)
HPRegen 0.24/turn    (no ring)
MPRegen 0.09/turn

%: no passive effects
@: about to teleport
A: sickness immunity, AC +3, negative energy resistance 1, electricity
resistance, torment resistance 1, petrification resistance
a: no special abilities


You were on level 3 of the Dungeon.
You visited 1 branch of the dungeon, and saw 3 of its levels.

You collected 158 gold pieces.


Innate Abilities, Weirdness & Mutations

You are immune to sickness and miasma.
Your stone body is resilient. (AC +3)
You are immune to poison.
You resist negative energy. (rN+)
You are resistant to electric shocks. (rElec)
You are resistant to unholy torment.
You are immune to petrification.


   Skills:
 - Level 3.2 Fighting
 + Level 4.4 Axes
 - Level 3.2 Armour
 - Level 3.2 Shields


You had 3 spell levels left.
You didn't know any spells.
Your spell library was empty.

Inventory:

Hand Weapons
 j - a +0 mace
 Y - a +0 war axe (weapon)
Armour
 b - a +0 scale mail (worn)
 c - a +0 buckler (worn)
Scrolls
 a - 3 scrolls of teleportation
Potions
 d - 2 potions of might
 e - a potion of enlightenment
 f - a potion of lignification {unknown}
 h - a potion of attraction {unknown}
 i - a potion of heal wounds {unknown}
 k - a potion of curing {unknown}

Dungeon Overview and Level Annotations

Branches:
Dungeon (3/15)

Altars:

Annotations:
D:1 exclusion: 2 goblins


Message History

You are more confused.
The orc closely misses you. The orc hits you with a +0 trident.
The orc wizard points at you and mumbles some strange words.
You resist with some effort. The orc closely misses you.
The orc barely misses you.
The orc wizard mumbles some strange words.
The orc wizard flickers and vanishes!
Deactivating autopickup; reactivate with Ctrl-A.
The orc barely misses you. The orc hits you with a +0 trident.
Something hits you but does no damage. The orc barely misses you.
The orc hits you with a +0 trident. Something hits you but does no damage.
The orc completely misses you. The orc hits you but does no damage.
Something hits you but does no damage. The orc misses you.
The orc barely misses you. Something hits you but does no damage.
The orc misses you. The orc hits you with a +0 trident.
Something hits you but does no damage. The orc barely misses you.
The orc barely misses you. Something hits you. The orc barely misses you.
The orc barely misses you. Something hits you but does no damage.
The orc closely misses you.
You feel less confused. The orc hits you with a +0 trident.
You block something's attack. You block the orc's attack.
2422 ||| READING 4 scrolls of teleportation.
As you read the scroll of teleportation, it crumbles to dust.
You feel strangely unstable. The orc hits you but does no damage.
Something hits you but does no damage. The orc misses you.
You hit the orc.
You kill the orc!
You hit the orc but do no damage. You hit something but do no damage.
The orc hits you with a +0 war axe. Something hits you.
You hit the orc.
The orc is heavily wounded.
You miss something. You block the orc's attack. Something hits you.
You die...

#..........# #........
#..........# #.........
#..........# #.........
#..........###..........
#...........##.........
#.........#..#.........
........####%..........
........+)..........##
.......@######...77..#
......o){..# #...7P..#
.........$.# ###....####
...........# ##.......
...........######.......
........#...............
........#...............
.########...............
..............


You could see an orc.

Vanquished Creatures
  5 adders
  A dart slug (D:2)
  An orc (D:3)
  7 ball pythons
  2 bats
  6 endoplasms
  2 giant cockroaches
  5 goblins
  5 hobgoblins
  10 jackals
  A quokka (D:1)
  3 frilled lizards
  2 kobolds
  7 rats (D:1)
57 creatures vanquished.

Notes
Turn   | Place    | Note
-------+----------+-------------------------------------------
     0 | D:1      | qw the Gargoyle Fighter began the quest for the Orb.
     0 | D:1      | Reached XP level 1. HP: 14/14 MP: 1/1
     0 | D:1      | 0 ||| qw: Version: 0.3-a-24-ga2abf7b
     0 | D:1      | 0 ||| qw: Game counter: 6778
     0 | D:1      | 0 ||| qw: Melee chars always use a shield: true
     0 | D:1      | 0 ||| qw: God list: Okawaru
     0 | D:1      | 0 ||| qw: Allow faded altars: false
     0 | D:1      | 0 ||| qw: Do Orc after clearing Dungeon:15 true
     0 | D:1      | 0 ||| qw: Do second Lair branch before Depths: true
     0 | D:1      | 0 ||| qw: Lair rune preference: random
     0 | D:1      | 0 ||| qw: Goals: Normal, Zot:1-4, Slime:5, God:TSO, Crypt,
                  | Tomb, Abyss, Pan, Hells, Win
     0 | D:1      | 0 ||| PLANNING D:1-11
    16 | D:1      | Reached skill level 2 in Axes
   129 | D:1      | Reached XP level 2. HP: 15/19 MP: 2/2
   224 | D:1      | 224 ||| DROPPING +0 club.
   276 | D:1      | 276 ||| Stepping ~*~*~tactically~*~*~ (stealth).
   277 | D:1      | 277 ||| Stepping ~*~*~tactically~*~*~ (stealth).
   302 | D:1      | Reached skill level 3 in Axes
   382 | D:1      | Reached XP level 3. HP: 23/23 MP: 3/3
   571 | D:1      | Found a faded altar of an unknown god.
   888 | D:1      | 888 ||| DROPPING +0 whip.
   939 | D:1      | 939 ||| READING scroll labelled DUUXOUNTAURA.
   949 | D:1      | 949 ||| READING scroll labelled MAN LISYFFOA.
   950 | D:1      | 950 ||| DRINKING 2 glowing black potions.
  1120 | D:2      | Identified the +7 spear "Qyes" {speed, rElec Will+ Dex+7
                  | Stlth-}
  1250 | D:2      | Reached XP level 4. HP: 25/28 MP: 4/4
  1367 | D:2      | 1367 ||| Stepping ~*~*~tactically~*~*~ (hiding).
  1465 | D:2      | Reached skill level 4 in Axes
  2277 | D:2      | 2277 ||| READING scroll labelled KUIMAS VUEPSYE.
  2418 | D:3      | HP: 6/28 [orc/+0 trident (5)]
  2422 | D:3      | 2422 ||| READING 4 scrolls of teleportation.
  2423 | D:3      | HP: 3/28 [orc/+0 war axe (3)]
  2423 | D:3      | HP: 1/28 [something (2)]
  2424 | D:3      | Slain by an orc wizard

Levels and vault maps discovered:
D:1:      dpeg_arrival_morbid_curiosity, layout_loops_ring,
          ebering_ecumenical_altar_sacrificial
D:2:      layout_basic, roderic_serpentine_path, serial_bayou_lagoon_a
D:3:      layout_basic, minmay_misc_feat_alley, hangedman_glass_teeth,
          serial_park_tiny_1, minivault_4

Skill      XL: |  1  2  3  4 |
---------------+-------------+-----
Axes           | 2 3 4 |  4.4
Fighting       | |  3.2
Armour         | |  3.2
Shields        | |  3.2

Action                     |  1- 3 |  4- 6 || total
---------------------------+-------+-------++-------
  Melee: War axe           |    96 |    55 ||   151
    Use: Scroll            |     2 |     2 ||     4
         Potion            |     1 |       ||     1
 Armour: Scale mail        |    50 |    48 ||    98
  Dodge: Dodged            |    44 |    40 ||    84
  Block: Buckler           |    17 |    12 ||    29

Table legend:
 A = Non-vault XP
 B = Vault XP
 C = Vault XP percentage of total XP
 D = Non-vault monster count
 E = Vault monster count
 F = Vault count percentage of total count
                 A         B        C        D         E       F
            +---------+---------+-------+---------+---------+-------
      Total |     148 |       8 |   5.1 |      52 |       5 |   8.8
            +---------+---------+-------+---------+---------+-------
        D:1 |      44 |       8 |  15.4 |      28 |       5 |  15.2
        D:2 |      87 |       0 |   0.0 |      22 |       0 |   0.0
        D:3 |      17 |       0 |   0.0 |       2 |       0 |   0.0
            +---------+---------+-------+---------+---------+-------
